 Dungeon Crawl Stone Soup version 0.29.1-1-gd02db6906a (webtiles) character file.

Game seed: 11948393827975167375

2408 Icepheonix32 the Martial Artist (level 9, -3/61 HPs)
             Began as a Merfolk Transmuter on Oct 5, 2022.
             Was an Initiate of Sif Muna.
             Slain by an orc wizard
             ... wielding a +3 dagger
              (5 damage)
             ... on level 7 of the Dungeon.
             The game lasted 00:13:09 (6893 turns).

Icepheonix32 the Martial Artist (MfTm)              Turns: 6893, Time: 00:13:10

Health: -3/61      AC:  2    Str: 11    XL:     9   Next: 47%
Magic:  0/15       EV: 14    Int: 16    God:    Sif Muna [......]
Gold:   444        SH:  0    Dex: 14    Spells: 6/16 levels left

rFire   . . .      SeeInvis +     - Unarmed
rCold   . . .      Faith    .   (no shield)
rNeg    + . .      Spirit   +   a - +0 robe
rPois   .          Reflect  .   (helmet restricted)
rElec   .          Harm     .   (no cloak)
rCorr   .          Rampage  .   (no gloves)
Will    .....                   (no boots)
Stlth   ++........              p - amulet of guardian spirit
HPRegen 0.20/turn               q - ring of positive energy
MPRegen 0.14/turn               x - ring of see invisible

@: confused, brilliant, hasted, studying Invocations, very quick
A: (nimble swimmer 2), mertail, beak, large bone plates 1, camouflage 1, sense
surroundings 1
a: Renounce Religion


You were on level 7 of the Dungeon.
You worshipped Sif Muna.
Sif Muna was noncommittal.
You visited 2 branches of the dungeon, and saw 8 of its levels.
You also visited: Sewer.

You collected 444 gold pieces.

Inventory:

Hand Weapons
 f - a +2 flail of holy wrath
 v - a +2 quarterstaff of speed
Missiles
 z - a throwing net
Armour
 a - a +0 robe (worn)
 l - a +2 helmet
Magical Staves
 o - a staff of fire
Jewellery
 p - an amulet of guardian spirit (around neck)
 q - a ring of positive energy (left hand)
 x - a ring of see invisible (right hand)
Wands
 c - a wand of roots (9)
 h - a wand of charming (7)
 u - a wand of flame (9)
Scrolls
 i - a scroll of fog
 j - a scroll of fear
 m - a scroll of brand weapon
 n - a scroll of blinking
 w - a scroll of amnesia {unknown}
 y - a scroll of magic mapping {unknown}
Potions
 b - 3 potions of lignification
 g - 4 potions of haste
 k - a potion of magic
 r - a potion of mutation
 s - a potion of resistance


   Skills:
 + Level 1.8 Fighting
 * Level 5.5 Dodging
 + Level 2.9 Stealth
 * Level 8.3 Unarmed Combat
 + Level 4.2 Spellcasting
 * Level 8.0 Transmutations
 * Level 2.9 Ice Magic
 * Level 5.0 Poison Magic


You had 6 spell levels left.
You knew the following spells:

 Your Spells              Type           Power      Damage    Failure   Level
a - Beastly Appendage     Tmut           86%        N/A       1%          1
b - Wereblood             Tmut           43%        N/A       1%          2
c - Spider Form           Tmut/Pois      36%        N/A       3%          3
d - Ice Form              Ice/Tmut       31%        N/A       17%         4

Your spell library contained the following spells:

 Spells                   Type           Power      Damage    Failure   Level
 Freeze                   Ice            76%        1d9       4%          1
 Frozen Ramparts          Ice            38%        1d6       14%         3
 Blade Hands              Tmut           21%        N/A       17%         5
 Inner Flame              Hex/Fire       5%         N/A       45%         3
 Hailstorm                Conj/Ice       12%        3d5       65%         4
 Irradiate                Conj/Tmut      12%        3d15      65%         5
 Cause Fear               Hex            2%         N/A       86%         4
 Dragon Form              Tmut           21%        N/A       99%         7
 Discord                  Hex            2%         N/A       100%        8


Dungeon Overview and Level Annotations

Branches:
Dungeon (7/15)             Temple (1/1) D:6           Sewer (visited)

Altars:
Ashenzari
Cheibriados
Dithmenos
Elyvilon
Fedhas
Gozag
Hepliaklqana
Kikubaaqudgha
Makhleb
Nemelex Xobeh
Okawaru
Qazlal
Sif Muna
Trog
Vehumet
Wu Jian
Xom
The Shining One

Annotations:
D:6 2 runed translucent doors, hawla's ghost, novice DrCj


Innate Abilities, Weirdness & Mutations

((You are very nimble when in or above water. (Stealth+, EV+, Speed+++)))
Your lower body shifts to a powerful aquatic tail in water.
You have a beak for a mouth.
You are partially covered in large bone plates. (SH +4)
Your skin changes colour to match your surroundings (Stealth+).
You passively map a small area around you.


Message History

The orc warrior hits you but does no damage.
The orc wizard hits you but does no damage. x2
You nearly hit yourself!
You swing at nothing.
The orc warrior hits you but does no damage.
The orc wizard hits you but does no damage.
The orc wizard completely misses you.
You are too confused!
Unknown command.
Okay, then.
You are too confused!
You barely miss the orc warrior.
The orc warrior is almost dead.
The orc warrior barely misses you.
The orc wizard hits you but does no damage. x2
You hit the orc wizard.
The orc wizard is almost dead.
You feel less confused.
As you read the scroll of torment, it crumbles to dust.
You feel a surge of unholy energy.
The orc warrior convulses!
The orc wizard convulses!
The orc warrior hits you but does no damage.
The orc wizard hits you but does no damage.
The orc wizard hits you with a +0 dagger.
* * * LOW HITPOINT WARNING * * *
As you read the scroll of torment, it crumbles to dust.
You feel a surge of unholy energy.
The orc warrior convulses!
The orc wizard convulses!
The orc warrior hits you but does no damage.
The orc wizard hits you but does no damage.
The orc wizard gestures at you while chanting.
You are confused.
You swing at nothing.
Unknown command.
You hit the orc wizard.
The orc wizard is almost dead.
You feel less wooden.
Your +0 robe unmelds from your body.
The orc warrior misses you.
The orc wizard hits you with a +3 dagger.
You die...

* ..., ... . , ,
.... ... , . ,
#..*#.# .# * ,
#..##.####.##.#####
,
#.................#
, ,
,#.................#
#.................#
#...)oo...........#
,
#....o@...........#
,#.................#
#..............<..#
,
#.##..###..##..####
* ####..###..##..#
#....#.......#
#....#.......#
#....#.......#
#....#.......# *


You could see an orc warrior and 2 orc wizards.

Vanquished Creatures
  A wyvern (D:5)
  3 water moccasins
  2 ice beasts
  2 black bears
  An orc warrior (D:7)
  The ghost of theUnderdog the Cudgeller, an amateur DrBe of Trog (D:4)
  2 ogres (D:4)
  A centaur (D:7)
  A phantom (D:5)
  3 bullfrogs
  A necrophage (D:7)
  3 scorpions (D:5)
  2 orc priests (D:7)
  4 hounds
  3 jellies
  Jessica (D:3)
  3 iguanas
  Natasha (thrice) (D:2)
  Robin (D:3)
  9 adders
  An ufetubus (D:6)
  A worm (D:2)
  4 dart slugs
  7 orcs (D:7)
  7 bats
  9 endoplasms
  12 giant cockroaches
  14 goblins
  14 hobgoblins
  4 jackals (D:1)
  8 quokkas
  9 ball pythons
  12 frilled lizards
  5 kobolds
  2 rats
156 creatures vanquished.

Vanquished Creatures (collateral kills)
  An endoplasm (Sewer)
  A ball python (Sewer)
  A frilled lizard (Sewer)
3 creatures vanquished.

Vanquished Creatures (others)
  A howler monkey (D:5)
1 creature vanquished.

Grand Total: 160 creatures vanquished

Notes
Turn   | Place    | Note
-------+----------+-------------------------------------------
     0 | D:1      | Icepheonix32 the Merfolk Transmuter began the quest for the
                  | Orb.
     0 | D:1      | Reached XP level 1. HP: 15/15 MP: 3/3
   199 | D:1      | Found a faded altar of an unknown god.
   282 | D:1      | Reached XP level 2. HP: 18/21 MP: 3/5
  1040 | D:2      | Reached XP level 3. HP: 26/26 MP: 4/6
  1113 | D:2      | Noticed Natasha
  1126 | D:2      | Killed Natasha
  1130 | D:2      | Learned a level 2 spell: Wereblood
  1134 | D:2      | Learned a level 3 spell: Spider Form
  1454 | D:2      | Noticed Natasha
  1464 | D:2      | Killed Natasha
  1465 | D:2      | Reached XP level 4. HP: 13/32 MP: 7/7
  1857 | D:2      | Noticed Natasha
  1864 | D:2      | Killed Natasha
  2029 | D:2      | Reached skill level 1 in Poison Magic
  2271 | D:3      | Reached XP level 5. HP: 20/37 MP: 8/8
  2666 | D:3      | Noticed Robin
  2693 | D:3      | Killed Robin
  2910 | D:3      | Noticed Jessica
  2921 | D:3      | Killed Jessica
  2936 | D:3      | You fall into a shaft and drop 1 floor!
  2984 | D:4      | Noticed theUnderdog's ghost (amateur DrBe)
  2986 | D:4      | Found a transporter.
  2986 | D:4      | Noticed an ogre
  2986 | D:4      | Identified the +5 dire flail of Defence by Offence
                  | {protect, Str+3 Dex+4}
  2986 | D:4      | Noticed an ogre
  3083 | D:4      | Found a glowing drain.
  3107 | Sewer    | Entered a sewer
  3294 | Sewer    | Reached XP level 6. HP: 43/43 MP: 7/9
  3433 | Sewer    | Reached skill level 5 in Unarmed Combat
  3433 | Sewer    | Reached skill level 5 in Transmutations
  3955 | D:4      | Found a transporter.
  4199 | D:5      | Entered Level 5 of the Dungeon
  4206 | D:5      | Reached skill level 1 in Stealth
  4206 | D:5      | Reached XP level 7. HP: 48/48 MP: 7/11
  4340 | D:5      | Noticed a wyvern
  4361 | D:5      | Killed a wyvern
  4362 | D:5      | Reached XP level 8. HP: 29/55 MP: 2/13
  5104 | D:5      | Learned a level 4 spell: Ice Form
  5369 | D:6      | Reached skill level 1 in Ice Magic
  5395 | D:6      | Found a runed translucent door.
  5397 | D:6      | Noticed hawla's ghost (novice DrCj)
  5500 | D:6      | Found a staircase to the Ecumenical Temple.
  5510 | Temple   | Entered the Ecumenical Temple
  5606 | Temple   | Became a worshipper of Sif Muna the Loreminder
  5885 | D:6      | Reached XP level 9. HP: 48/61 MP: 7/14
  6042 | D:6      | Found a runed translucent door.
  6219 | D:4      | Reached skill level 5 in Dodging
  6232 | D:4      | Killed theUnderdog's ghost
  6815 | D:7      | Reached skill level 5 in Poison Magic
  6863 | D:7      | Gained mutation: Your skin changes colour to match your
                  | surroundings (Stealth+). [potion of mutation]
  6863 | D:7      | Gained mutation: You are partially covered in large bone
                  | plates. (SH +4) [potion of mutation]
  6863 | D:7      | Gained mutation: You passively map a small area around you.
                  | [potion of mutation]
  6863 | D:7      | Gained mutation: You have a beak for a mouth. [potion of
                  | mutation]
  6882 | D:7      | HP: 4/91 [orc warrior/+0 scimitar (2)]
  6890 | D:7      | HP: 3/91 [orc wizard/+0 dagger (2)]
  6893 | D:7      | Slain by an orc wizard

Illustrated notes

Levels and vault maps discovered:
D:1:      dpeg_arrival_tiny_b, layout_rooms, basic_ecumenical_altar
D:2:      layout_loops_ring, uniq_natasha
D:3:      layout_loops_ring, grunt_ministairs_15, uniq_jessica, uniq_robin
D:4:      layout_cave_pools, gammafunk_ghost_smash, gup_sewer_entry_glass,
          hangedman_abyss_or_decor_jellyfish_corner
D:5:      layout_basic, minmay_manual_mess
D:6:      layout_loops_ring, minmay_temple_entry_poolview, ebering_ghost_sewer_f
D:7:      layout_gridville
Temple:   nicolae_temple_bog_church

Skill      XL: |  1  2  3  4  5  6  7  8  9 |
---------------+----------------------------+-----
Transmutations | 3 4 5 6 7 8 |  8.0
Unarmed Combat | 4 5 6 7 8 |  8.3
Dodging        | 3 4 5 |  5.5
Poison Magic   | 1 2 3 4 5 |  5.0
Stealth        | 1 2 |  2.9
Spellcasting   | 3 4 |  4.2
Ice Magic      | 1 2 |  2.9
Fighting       | |  1.8

Action                   |  1- 3 |  4- 6 |  7- 9 || total
-------------------------+-------+-------+-------++-------
Melee: Unarmed           |    96 |   196 |   189 ||   481
       Headbutt          |    13 |    22 |       ||    35
       Punch             |     3 |     3 |     1 ||     7
       Tailslap          |       |     6 |       ||     6
 Cast: Beastly Appendage |    16 |    24 |       ||    40
       Wereblood         |       |     6 |     4 ||    10
       Spider Form       |       |     4 |    20 ||    24
       Ice Form          |       |       |     2 ||     2
Evoke: Wand              |       |     1 |     1 ||     2
  Use: Scroll            |     1 |     7 |     4 ||    12
       Potion            |       |       |     6 ||     6
 Stab: Sleeping          |     2 |     2 |     3 ||     7
       Distracted        |       |       |     1 ||     1
Armor: Robe              |    29 |    15 |    11 ||    55
       Skin              |       |     2 |    40 ||    42
Dodge: Dodged            |    65 |   161 |   158 ||   384
